 Dungeon Crawl Stone Soup version 0.30-a0-576-g89cddaab80 (webtiles) character file.

Game seed: 13497614401215308576

3091 wilfster70 the Thaumaturge (level 9, -1/50 (62) HPs)
             Began as a Black Draconian Ice Elementalist on Dec 30, 2022.
             Was an Initiate of Gozag.
             Slain by a wight
             ... wielding a +0 great sword
              (15 damage)
             ... on level 8 of the Dungeon.
             The game lasted 00:21:47 (6795 turns).

wilfster70 the Thaumaturge (DrIE)                   Turns: 6795, Time: 00:21:48

HP:   -1/50 (62)    AC: 18    Str: 11    XL:     9   Next: 59%
MP:   15/23         EV: 12    Int: 20    God:    Gozag
Gold: 798           SH:  0    Dex: 11    Spells: 22/29 levels left

rFire   . . .      SeeInvis .    a - +1 sling
rCold   . . .      Faith    .    (no shield)
rNeg    + . .      Spirit   .    (body armour unavailable)
rPois   +          Reflect  .    (helmet restricted)
rElec   +          Harm     .    p - +0 cloak
rCorr   .          Rampage  .    d - +0 pair of gloves {hurl}
Will    .....                    e - +0 pair of boots
Stlth   ++                       i - amulet of the acrobat
HPRegen 0.28/turn                c - ring of positive energy
MPRegen 0.18/turn                m - ring of poison resistance

@: ice-armoured, gold aura, freezing walls, heavily drained
A: breathe lightning, AC +7, unfitting armour, electricity resistance,
cold-blooded
a: Breathe Lightning, Renounce Religion, Potion Petition, Call Merchant, Bribe
Branch


You were on level 8 of the Dungeon.
You worshipped Gozag.
Gozag was pleased with you.
You visited 2 branches of the dungeon, and saw 9 of its levels.

You collected 911 gold pieces.
You spent 45 gold pieces at shops.
You paid 68 gold pieces to Gozag.

Inventory:

Hand Weapons
 a - a +1 sling (weapon)
Missiles
 n - 14 poisoned darts
 u - 2 throwing nets
Armour
 d - a +0 pair of gloves of hurling (worn)
 e - a +0 pair of boots (worn)
 p - a +0 cloak (worn)
Jewellery
 c - a ring of positive energy (left hand)
 h - a ring of fire
 i - an amulet of the acrobat (around neck)
 k - a ring of magical power
 m - a ring of poison resistance (right hand)
 o - a ring of magical power
Wands
 g - a wand of roots (4)
 t - a wand of paralysis (32)
 w - a wand of flame (10)
Scrolls
 f - a scroll of silence
 j - a scroll of amnesia
 l - a scroll of enchant armour
 q - a scroll of fear
 r - 2 scrolls of identify
 v - a scroll of blinking
Potions
 b - a potion of magic
 s - a potion of invisibility
 x - a potion of curing


   Skills:
 - Level 1.7 Dodging
 - Level 1.7 Stealth
 + Level 10.9 Spellcasting
 - Level 8.0 Ice Magic


You had 22 spell levels left.
You knew the following spells:

 Your Spells              Type           Power      Damage    Failure   Level
a - Freeze                Ice            100%       1d10      1%          1
b - Frozen Ramparts       Ice            84%        1d13      1%          3
c - Ozocubu's Armour      Ice            42%        N/A       1%          3

Your spell library contained the following spells:

 Spells                   Type           Power      Damage    Failure   Level
 Sandblast                Erth           20%        2d7       6%          1
 Sting                    Tmut/Pois      40%        1d5       6%          1
 Cigotuvi's Dreadful Rot  Necr/Pois/Air  20%        N/A       10%         2
 Passwall                 Tmut/Erth      8%         N/A       10%         2
 Poisonous Vapours        Pois/Air       20%        N/A       10%         2
 Summon Ice Beast         Ice/Summ       26%        N/A       12%         4
 Mephitic Cloud           Conj/Pois/Air  10%        N/A       19%         3
 Stone Arrow              Conj/Erth      20%        3d8       19%         3
 Olgreb's Toxic Radiance  Pois           10%        N/A       54%         4


Dungeon Overview and Level Annotations

Branches:
Dungeon (8/15)             Temple (1/1) D:4
   Lair: D:8-11

Altars:
Ashenzari
Cheibriados
Dithmenos
Elyvilon
Fedhas
Gozag
Hepliaklqana
Kikubaaqudgha
Makhleb
Qazlal
Ru
Trog
Uskayaw
Vehumet
Xom
Yredelemnul
Zin
The Shining One

Shops:
D:4 [

Annotations:
D:3 exclusion: downstairs, Pikel
D:4 2 transporters
D:5 Menkaure


Innate Abilities, Weirdness & Mutations

You can breathe wild blasts of lightning.
Your glossy black scales are hard. (AC +7)
You cannot fit into any form of body armour.
You are resistant to electric shocks. (rElec)
You are cold-blooded and may be slowed by cold attacks.


Message History

The wight hits you with a +4 dagger. You partially resist.
You feel drained. The wight closely misses you.
You climb downwards.
There is a stone staircase leading up here.
Things that are here:
a +0 robe; a +0 spear
Casting: Ozocubu's Armour (safe; 1% risk of failure)
Confirm with . or Enter, or press ? or * to list all spells.
Casting: Frozen Ramparts (safe; 1% risk of failure)
Press: ? - help, Dir - look around, f - activate A stone staircase leading up.
The walls around you are covered in ice.
The wight closely misses you.
The wight resists.
The wall freezes the wight.
The wight hits you with a +4 dagger.
Casting: Frozen Ramparts (safe; 1% risk of failure)
Confirm with . or Enter, or press ? or * to list all spells.
A film of ice covers your body! The wight hits you but does no damage.
The wight resists.
The wall freezes the wight.
The wight hits you with a +4 dagger.
* * * LOW HITPOINT WARNING * * *
Fire: a) +1 sling
Press: ? - help, Q - select action, (/) - cycle Shift-Dir - straight line, f - wight
Aim: a wight, wielding a +4 dagger and wearing a +0 robe (lightly damaged, 52% to hit)
You shoot a sling bullet.
The sling bullet closely misses the wight.
You have got your breath back.
The wight closely misses you.
The wight completely resists.
The wall freezes the wight but does no damage.
The wight barely misses you.
The wight resists.
The wall freezes the wight.
The wight hits you with a +4 dagger.
* * * LOW HITPOINT WARNING * * *
The wight barely misses you.
Fire: a) +1 sling
Press: ? - help, Q - select action, (/) - cycle Shift-Dir - straight line, f/p - wight
Aim: a wight, wielding a +4 dagger and wearing a +0 robe (moderately damaged, 52% to hit)
You shoot a sling bullet.
The sling bullet closely misses the wight.
The wight hits you with a +0 great sword!
You die...
Your body crumbles into a pile of gold.

##################..
..........z@......#
.........[..z.....#
..................+
..................#
$
..................#
+####+#############


You could see 2 wights.

Vanquished Creatures
  Grinder (D:5)
  Prince Ribbit (D:6)
  Eustachio (D:6)
  A sky beast (D:6)
  2 orc warriors (D:6)
  An ice beast (D:5)
  4 black bears
  3 ogres (D:6)
  6 centaurs
  4 lemures (D:4)
  2 kobold brigands (D:6)
  A bullfrog (D:6)
  A scorpion (D:6)
  3 wights
  2 howler monkeys
  5 hounds
  2 jellies
  An orc priest (D:3)
  Jessica (D:2)
  4 iguanas
  4 orc wizards
  7 adders
  3 white imps
  5 ufetubi
  A worm (D:2)
  A dart slug (D:2)
  14 orcs
  7 endoplasms
  2 giant cockroaches
  4 hobgoblins
  2 jackals (D:1)
  9 kobolds
  3 quokkas
  8 ball pythons
  6 bats
  2 frilled lizards (D:1)
  10 goblins
  4 rats
138 creatures vanquished.

Notes
Turn   | Place    | Note
-------+----------+-------------------------------------------
     0 | D:1      | wilfster70 the Draconian Ice Elementalist began the quest
                  | for the Orb.
     0 | D:1      | Reached XP level 1. HP: 14/14 MP: 3/3
   256 | D:1      | Reached XP level 2. HP: 19/20 MP: 1/5
   685 | D:2      | Reached XP level 3. HP: 26/26 MP: 2/6
   689 | D:2      | Learned a level 3 spell: Frozen Ramparts
   747 | D:2      | Noticed Jessica
   781 | D:2      | Killed Jessica
   782 | D:2      | Reached skill level 5 in Ice Magic
  1059 | D:2      | Reached XP level 4. HP: 33/33 MP: 8/8
  1155 | D:2      | Found a faded altar of an unknown god.
  1496 | D:3      | Reached skill level 3 in Spellcasting
  1835 | D:3      | Found a radiant altar of Vehumet.
  1895 | D:3      | Reached XP level 5. HP: 29/38 MP: 9/9
  1965 | D:3      | Found a stormy altar of Qazlal.
  2050 | D:4      | Noticed Pikel
  2050 | D:4      | Noticed a lemure
  2050 | D:4      | Noticed a lemure
  2051 | D:4      | Noticed a lemure
  2052 | D:4      | Noticed a lemure
  2266 | D:3      | Learned a level 3 spell: Ozocubu's Armour
  2562 | D:4      | Found a transporter.
  2585 | D:4      | Killed a lemure
  2771 | D:4      | Found a transporter.
  3083 | D:4      | Killed a lemure
  3143 | D:4      | Noticed a black bear
  3155 | D:4      | Killed a black bear
  3156 | D:4      | Reached XP level 6. HP: 30/45 MP: 5/11
  3221 | D:4      | Found Epuharph's Armour Boutique.
  3230 | D:4      | Bought a +0 cloak for 45 gold pieces
  3619 | D:4      | Found a staircase to the Ecumenical Temple.
  3647 | Temple   | Entered the Ecumenical Temple
  3701 | Temple   | Became a worshipper of Gozag Ym Sagoz the Greedy
  3756 | D:5      | Entered Level 5 of the Dungeon
  3767 | D:5      | Reached skill level 4 in Spellcasting
  4001 | D:5      | Noticed an ice beast
  4016 | D:5      | Killed an ice beast
  4017 | D:5      | Your scales start taking on a glossy black colour.
  4017 | D:5      | Reached XP level 7. HP: 50/50 MP: 11/13
  4017 | D:5      | Gained mutation: You are resistant to electric shocks.
                  | (rElec) [Black Draconian growth]
  4137 | D:5      | Identified the +7 plate armour "Medyonut" {Drain +Blink Fly
                  | Dex+3}
  4156 | D:5      | Noticed Menkaure
  4238 | D:5      | Noticed Grinder
  4243 | D:5      | Paralysed by Grinder for 4 turns
  4272 | D:5      | Paralysed by Grinder for 2 turns
  4293 | D:5      | Killed Grinder
  4294 | D:5      | Reached skill level 5 in Spellcasting
  4733 | D:5      | Found a shimmering altar of Xom.
  4877 | D:6      | Reached skill level 6 in Spellcasting
  4877 | D:6      | Reached XP level 8. HP: 45/57 MP: 15/17
  4931 | D:6      | Found a basalt altar of Yredelemnul.
  5062 | D:6      | Reached skill level 7 in Spellcasting
  5069 | D:6      | Noticed Eustachio
  5088 | D:6      | Killed Eustachio
  5177 | D:6      | Found a blossoming altar of Fedhas.
  5261 | D:6      | Reached skill level 8 in Spellcasting
  5710 | D:6      | Reached skill level 9 in Spellcasting
  5813 | D:6      | Noticed Prince Ribbit
  5817 | D:6      | Killed Prince Ribbit
  5818 | D:6      | Reached XP level 9. HP: 62/62 MP: 18/22
  5936 | D:6      | Reached skill level 10 in Spellcasting
  6544 | D:7      | Found a broken altar of Ashenzari.
  6602 | D:7      | You fall into a shaft and drop 1 floor!
  6795 | D:8      | Slain by a wight

Illustrated notes

Levels and vault maps discovered:
D:1:      psy_arrival_dodecagon, layout_rooms
D:2:      layout_basic, shapermc_ecumenical_altar_totnotflames, uniq_jessica
D:3:      layout_rooms, nicolae_vehumet_altar_sigil,
          mainiacjoe_overflow_alcove_4
D:4:      gammafunk_steamed_eel, layout_rooms, minmay_temple_entry_antechambers,
          serial_shops, shop_fountains, uniq_pikel
D:5:      nicolae_cairo_tiling_very_big, layout_cave_pods,
          mainiacjoe_overflow_six_doors_small, uniq_grinder, uniq_menkaure
D:6:      layout_loops_ring, fedhas_bush_and_centaur_altar,
          nicolae_overflow_crystal_walls, nzn_random_ring, uniq_eustachio,
          uniq_prince_ribbit1
D:7:      layout_loops_ring, kennysheep_little_box,
          mainiacjoe_overflow_24_doors, serial_demonic, serial_demonic_g,
          serial_demonic_g, serial_demonic_b, serial_demonic_a,
          uniq_crazy_yiuf_cottage
D:8:      layout_gridville, jmf_multi_god_temple, minmay_unpleasant_kobolds
Temple:   minmay_temple_bridge_abc

Skill      XL: |  1  2  3  4  5  6  7  8  9 |
---------------+----------------------------+-----
Ice Magic      | 5 6 7 8 |  8.0
Spellcasting   | 3 4 6 9 10 | 10.9
Dodging        | |  1.7
Stealth        | |  1.7

Action                   |  1- 3 |  4- 6 |  7- 9 || total
-------------------------+-------+-------+-------++-------
Melee: Sling             |       |     1 |       ||     1
       Unarmed           |       |       |     1 ||     1
 Fire: Sling             |    56 |   189 |   189 ||   434
 Cast: Freeze            |    13 |    18 |       ||    31
       Frozen Ramparts   |     2 |    22 |    31 ||    55
       Ozocubu's Armour  |       |     4 |    10 ||    14
 Abil: Breathe Lightning |       |       |     3 ||     3
  Use: Scroll            |     4 |     8 |     5 ||    17
       Potion            |       |       |     3 ||     3
Armor: Skin              |    11 |    70 |   134 ||   215
Dodge: Dodged            |    16 |   137 |   183 ||   336

Table legend: (Time is in decaauts)
 A = Elapsed time spent in this place.
 B = Non-inter-level travel time spent in this place.
 C = Inter-level travel time spent in this place.
 D = Time resting spent in this place.
 E = Time spent auto-exploring this place.
 F = Levels seen in this place.
 G = Mean time per level.
                   A        B        C        D        E       F      G
               +--------+--------+--------+--------+--------+-----+--------+
         Total |   6994 |   6736 |    258 |   1967 |   2305 |   9 |  777.1 |
       Dungeon |   6920 |   6682 |    238 |   1967 |   2305 |   8 |  865.0 |
        Temple |     74 |     54 |     20 |      0 |      0 |   1 |   74.0 |
               +--------+--------+--------+--------+--------+-----+--------+

Top non-repeatable levels by time:
     D:6: 1539 daAuts
     D:3: 1294 daAuts
     D:5: 1150 daAuts
     D:2: 904 daAuts
     D:4: 870 daAuts
     D:1: 713 daAuts
     D:7: 285 daAuts
     D:8: 162 daAuts
  Temple: 74 daAuts
